 Dungeon Crawl Stone Soup version 0.31-a0-981-geadf994542 (webtiles) character file.

Game seed: 17573376009558055323

102 Frost42 the Ruffian (level 4, -2/45 HPs)
             Began as a Troll Berserker on Oct 31, 2023.
             Was a Believer of Trog.
             Slain by a river rat (4 damage)
             ... in a sewer.
             The game lasted 00:11:10 (2418 turns).

Frost42 the Ruffian (Troll Berserker)               Turns: 2418, Time: 00:11:11

Health: -2/45      AC:  4    Str: 27    XL:     4   Next: 49%
Magic:  3/3        EV: 10    Int:  3    God:    Trog [**....]
Gold:   89         SH:  0    Dex:  9    Spells: 3/3 levels left

rFire   . .          .
                       - Unarmed
rCold   . . .        (no shield)
rNeg    + . .        a - +0 animal skin
rPois   .            (helmet restricted)
rElec   .            (no cloak)
rCorr   .            (gloves unavailable)
SInv    .            (boots unavailable)
Will    .....        (no amulet)
Stlth   +            e - ring of positive energy
HPRegen 1.07/turn    (no ring)
MPRegen 0.08/turn

%: no passive effects
@: no status effects
A: large, unfitting armour, claws 3, regeneration 1, shaggy fur 1, tough skin 1
a: Renounce Religion, Berserk, Trog's Hand


You were in a sewer.
You worshipped Trog.
Trog was pleased with you.
You visited 1 branch of the dungeon, and saw 3 of its levels.
You also visited: Sewer.

You collected 89 gold pieces.

Inventory:

Hand Weapons
 g - a +0 sling
 m - a +3 hand axe
Missiles
 b - 4 stones (quivered)
 l - 6 javelins
Armour
 a - a +0 animal skin (worn)
 f - a +0 robe
Jewellery
 e - a ring of positive energy (left claw)
Scrolls
 h - a scroll of revelation
 k - 2 scrolls of teleportation
Potions
 c - a potion of enlightenment
 d - a potion of berserk rage
 i - a potion of brilliance
 j - a potion of heal wounds {unknown}
 o - a potion of curing {unknown}


   Skills:
 * Level 3.4 Fighting
 + Level 3.0 Dodging
 + Level 3.7 Unarmed Combat


You had 3 spell levels left.
You didn't know any spells.
Your spell library was empty.

Dungeon Overview and Level Annotations

Branches:
Dungeon (3/15)              Sewer (1/1)

Altars:


Innate Abilities, Weirdness & Mutations

You are too large for most types of armour.
You have claws for hands.
Your natural rate of healing is unusually fast.
You are covered in fur. (AC +1)
You have tough skin. (AC +1)


Message History

The river rat misses you.
You closely miss the rat.
The river rat twitches its whiskers.
The river rat closely misses you. The river rat barely misses you.
The rat barely misses you.
You scratch the rat.
You kill the rat!
Trog accepts your kill. The river rat barely misses you.
The river rat misses you. The river rat bites you. x2
You see here a rat corpse.
The river rat bites you. The river rat closely misses you.
You see here a rat corpse.
The river rat bites you.
The river rat bites you but does no damage.
You see here a rat corpse.
The river rat bites you. x2
The river rat barely misses you. The river rat bites you.
You see here a rat corpse.
You scratch the river rat.
The river rat is heavily wounded.
The river rat bites you!
* * * LOW HITPOINT WARNING * * *
The river rat bites you.
* * * LOW HITPOINT WARNING * * *
You barely miss the river rat.
The river rat is heavily wounded.
The river rat bites you.
* * * LOW HITPOINT WARNING * * *
The river rat barely misses you.
You scratch the river rat.
The river rat is almost dead.
The river rat closely misses you.
The river rat bites you but does no damage.
You closely miss the river rat.
The river rat is almost dead.
The river rat bites you.
* * * LOW HITPOINT WARNING * * *
The river rat bites you.
You die...

*,,,,*~~~≈≈≈≈~.....*
*,,,,**~~≈≈≈≈~....#*
*,,,,,*~~≈≈≈≈~....#
*,,,,,,~~≈≈≈≈~....##
**,,,,,,~≈≈≈~~.....##
**,,,,,~≈≈≈~.......########
*,,,,,~≈≈≈~.......########
**,,,,,~≈≈~~.......########
*,,,*,,~~≈~...r@r.#########
**,,,**,,~≈~....†..#########
*,,,***,,~~~......##########
*,,,**,,,~~.......##########
**,,,,,,,~~......###[#######
**,,,,,,~~......###.#######
*,,,,,,~~.......#..#######
*,,,,,,~~.........########
**,,,,,,~~........#########


You could see 2 river rats.

Vanquished Creatures
  5 adders
  A worm (D:2)
  A dart slug (D:1)
  5 orcs (D:3)
  A bat (D:2)
  4 endoplasms
  3 giant cockroaches
  6 hobgoblins
  6 jackals
  4 ball pythons
  A frilled lizard (D:2)
  A goblin (D:1)
  4 kobolds
  6 rats
48 creatures vanquished.

Notes
Turn   | Place    | Note
-------+----------+-------------------------------------------
     0 | D:1      | Frost42 the Troll Berserker began the quest for the Orb.
     0 | D:1      | Reached XP level 1. HP: 22/22 MP: 0/0
   426 | D:1      | Reached XP level 2. HP: 26/29 MP: 1/1
  1203 | D:2      | Reached XP level 3. HP: 36/36 MP: 2/2
  1498 | D:2      | Reached ** piety under Trog
  2247 | D:3      | Reached XP level 4. HP: 38/45 MP: 3/3
  2288 | D:3      | Found a glowing drain.
  2383 | Sewer    | Entered a sewer
  2418 | Sewer    | HP: 2/45 [river rat (6)]
  2418 | Sewer    | Slain by a river rat

Illustrated notes

Levels and vault maps discovered:
D:1:      dpeg_arrival_castle, layout_basic, serial_corexii_hall,
          chequers_hall_statues_y, corexii_hall_statues_deadend
D:2:      layout_basic
D:3:      layout_loops_ring, mainiacjoe_overflow_chevrons, okawaru_gym_becter,
          gup_sewer_entry_glass, gammafunk_ghost_smash, kennysheep_pointless_box
Sewer:    sewer_minmay_treatment

Skill      XL: |  1  2  3  4 |
---------------+-------------+-----
Fighting       | 3 |  3.4
Dodging        | 3 |  3.0
Unarmed Combat | |  3.7

Action                     |  1- 3 |  4- 6 || total
---------------------------+-------+-------++-------
  Melee: Unarmed           |    73 |    28 ||   101
         Punch             |     1 |       ||     1
  Throw: Stone             |     8 |     2 ||    10
    Use: Scroll            |     5 |     1 ||     6
 Armour: Animal skin       |    42 |    35 ||    77
  Dodge: Dodged            |    37 |    32 ||    69

Table legend: (Time is in decaauts)
 A = Elapsed time spent in this place.
 B = Non-inter-level travel time spent in this place.
 C = Inter-level travel time spent in this place.
 D = Time resting spent in this place.
 E = Time spent auto-exploring this place.
 F = Levels seen in this place.
 G = Mean time per level.
                   A        B        C        D        E       F      G
               +--------+--------+--------+--------+--------+-----+--------+
         Total |   2412 |   2314 |     98 |      0 |    303 |   4 |  603.0 |
       Dungeon |   2378 |   2280 |     98 |      0 |    303 |   3 |  792.7 |
         Sewer |     34 |     34 |      0 |      0 |      0 |   1 |   34.0 |
               +--------+--------+--------+--------+--------+-----+--------+

Top non-repeatable levels by time:
     D:1: 1180 daAuts
     D:2: 1027 daAuts
     D:3: 170 daAuts
   Sewer: 34 daAuts
